 Dungeon Crawl Stone Soup version 0.28-b1-25-g9875b3fc8c (webtiles) character file.

Game seed: 11798207028073837691

681 Strat the Conjurer (level 7, -8/50 HPs)
             Began as a Demigod Conjurer on Jan 31, 2022.
             Killed from afar by Ijyb (26 damage)
             ... with a bolt of acid
             ... on level 5 of the Dungeon.
             The game lasted 00:09:05 (5615 turns).

Strat the Conjurer (Demigod Conjurer)               Turns: 5615, Time: 00:09:06

Health: -8/50      AC:  3    Str: 16    XL:     7   Next: 12%
Magic:  6/13       EV: 12    Int: 20    God:
Gold:   297        SH:  0    Dex: 12    Spells: 4/10 levels left

rFire   . . .      SeeInvis .   a - +7 staff of the Meek {protect, meekguard}
rCold   . . .      Faith    .   (shield currently unavailable)
rNeg    . . .      Spirit   .   m - +0 robe
rPois   .          Reflect  .   l - +0 helmet
rElec   .          Harm     .   (no cloak)
rCorr   .          Rampage  .   (no gloves)
Will    .....                   (no boots)
Stlth   +++.......              (no amulet)
HPRegen 0.16/turn               (no ring)
MPRegen 0.13/turn               (no ring)

@: no status effects
A: high MP 1, forlorn, divine attributes
a: no special abilities


You were on level 5 of the Dungeon.
You visited 1 branch of the dungeon, and saw 5 of its levels.

You collected 297 gold pieces.

Inventory:

Hand Weapons
 a - the +7 staff of the Meek (weapon) {protect, meekguard}
   (You found it on level 4 of the Dungeon)

   It grants its wielder temporary protection when it strikes (+7 to AC).
   It provides extra protection to wielders with little health.
 b - a +0 hunting sling
 o - a +0 spear
 y - a +0 mace of draining
Missiles
 c - 75 sling bullets
 f - 5 curare-tipped darts
 i - 71 stones
 n - 5 poisoned darts
Armour
 l - a +0 helmet (worn)
 m - a +0 robe (worn)
Wands
 q - a wand of digging (3)
Scrolls
 e - 5 scrolls of identify {unknown}
 g - a scroll of summoning {unknown}
 j - 2 scrolls of teleportation {unknown}
 p - 2 scrolls of enchant weapon {unknown}
 t - a scroll of immolation {unknown}
 u - a scroll of silence {unknown}
Potions
 d - 2 potions of flight {unknown}
 h - a potion of lignification {unknown}
 k - 2 potions of degeneration {unknown}
 r - 2 potions of curing
 s - 2 potions of might {unknown}
 v - a potion of cancellation {unknown}
 w - a potion of heal wounds {unknown}
 x - a potion of berserk rage {unknown}


   Skills:
 - Level 1.7 Dodging
 + Level 4.3 Stealth
 + Level 2.2 Spellcasting
 + Level 7.1 Conjurations


You had 4 spell levels left.
You knew the following spells:

 Your Spells              Type           Power      Damage    Failure   Level
a - Magic Dart            Conj           100%       1d8       1%          1
b - Searing Ray           Conj           62%        2d6       1%          2
c - Dazzling Flash        Conj/Hex       32%        N/A       11%         3

Your spell library contained the following spells:

 Spells                   Type           Power      Damage    Failure   Level
 Slow                     Hex            8%         N/A       16%         1
 Blink                    Tloc           4%         N/A       24%         2
 Fulminant Prism          Conj/Hex       8%         3d7       34%         4
 Iskenderun's Mystic Bla  Conj/Tloc      16%        2d5       34%         4
 Confusing Touch          Hex            2%         N/A       43%         3
 Lesser Beckoning         Tloc           2%         N/A       43%         3
 Vampiric Draining        Necr           2%         2d6       43%         3
 Manifold Assault         Tloc           2%         N/A       99%         5


Dungeon Overview and Level Annotations

Branches:
Dungeon (5/15)
 Temple: D:4-7

Shops:
D:3 (

Annotations:
D:3 1 runed translucent door, Crazy Yiuf, Sigmund
D:5 Ijyb


Innate Abilities, Weirdness & Mutations

You have an increased reservoir of magic. (+10% MP)
You shall have no god before yourself.
Your divine heritage dramatically boosts your attributes as you level up.


Message History

You see here a +0 dagger.
You open the door.
Found a stone staircase leading down.
Ijyb the Twisted Goblin comes into view.
She is wielding a +0 club and carrying a wand of acid (10).
There is an open door here.
Ijyb shouts!
You hear a shout!
There is an open door here.
Casting: Searing Ray (safe; 1% risk of failure)
Confirm with . or Enter, or press ? or * to list all spells.
Aiming: Searing Ray (safe; 1% risk of failure)
Press: ? - help, Shift-Dir - straight line, f - Ijyb
Aim: Ijyb, wielding a +0 club, wearing a +0 leather armour and carrying a wand of acid (10) (74% to hit)
The searing ray hits Ijyb.
Ijyb is lightly wounded. (Press . to maintain the ray.) Ijyb zaps a wand.
The bolt of acid hits you!!
Ouch! That really hurt!
The searing ray hits Ijyb.
Ijyb is lightly wounded.
Ijyb zaps a wand.
The bolt of acid misses you.
The searing ray hits Ijyb!
Ijyb is heavily wounded.
An ufetubus comes into view.
Casting: Searing Ray (safe; 1% risk of failure)
Confirm with . or Enter, or press ? or * to list all spells.
Restarting spell: Searing Ray (safe; 1% risk of failure)
Press: ? - help, Shift-Dir - straight line, f/p - Ijyb
Aim: Ijyb, wielding a +0 club, wearing a +0 leather armour and carrying a wand of acid (8) (heavily wounded, 74% to hit)
The searing ray hits Ijyb!
Ijyb is severely wounded. (Press . to maintain the ray.) Ijyb drinks a potion.
Ijyb is healed!
The searing ray hits Ijyb.
Ijyb is heavily wounded.
Ijyb zaps a wand.
The bolt of acid hits the ufetubus!!
The acid corrodes the ufetubus!
The ufetubus dies!
The bolt of acid hits you!!
Ouch! That really hurt!
You die...

#####.........
#..?..........
#####.............
........>.........
######.#.#...........
....#.#.#........g
#.##.#.#.......#
#......#.# #@#
.###..#.###.# #.#
......#...#.####.#
.###.####.#.>....#
....).^.....)....#
.###.####.##.....#
#......##.....#
#..######.....#
#.<######.....#


You could see Ijyb.

Vanquished Creatures
  Menkaure (D:4)
  An ogre (D:5)
  3 scorpions
  An orc priest (D:4)
  2 hounds
  A gnoll shaman (D:4)
  Robin (D:2)
  3 gnolls (D:4)
  2 adders (D:4)
  A shadow imp (D:5)
  An ufetubus (D:4)
  2 adder skeletons (D:4)
  2 worms (D:2)
  3 dart slugs
  3 orcs (D:4)
  5 bats
  4 endoplasms
  6 giant cockroaches
  18 goblins
  11 hobgoblins
  A quokka (D:3)
  5 ball pythons
  3 frilled lizards
  6 kobolds
  4 rats
90 creatures vanquished.

Vanquished Creatures (others)
  An ufetubus (D:5)
1 creature vanquished.

Grand Total: 91 creatures vanquished

Notes
Turn   | Place    | Note
-------+----------+-------------------------------------------
     0 | D:1      | Strat the Demigod Conjurer began the quest for the Orb.
     0 | D:1      | Reached XP level 1. HP: 14/14 MP: 5/5
   503 | D:1      | Reached skill level 4 in Conjurations
   654 | D:1      | Reached XP level 2. HP: 20/20 MP: 4/7
   939 | D:1      | Learned a level 2 spell: Searing Ray
  1538 | D:2      | Noticed Robin
  1658 | D:2      | Killed Robin
  1659 | D:2      | Reached XP level 3. HP: 21/26 MP: 0/8
  1923 | D:2      | Reached skill level 5 in Conjurations
  2014 | D:2      | You fall into a shaft and drop 1 floor!
  2034 | D:3      | Noticed Sigmund
  2411 | D:4      | Reached XP level 4. HP: 33/33 MP: 3/9
  2421 | D:4      | Learned a level 3 spell: Dazzling Flash
  2474 | D:4      | Noticed Menkaure
  2761 | D:3      | Found Ahelil's Weapon Boutique.
  2911 | D:3      | Found a runed translucent door.
  2912 | D:3      | Noticed Crazy Yiuf
  4169 | D:4      | Reached XP level 5. HP: 25/38 MP: 4/10
  4559 | D:4      | Reached skill level 6 in Conjurations
  4847 | D:4      | Killed Menkaure
  4848 | D:4      | Reached XP level 6. HP: 41/45 MP: 3/11
  5213 | D:4      | Found the +7 staff of the Meek {protect, meekguard}
  5267 | D:5      | Entered Level 5 of the Dungeon
  5376 | D:5      | Reached skill level 7 in Conjurations
  5452 | D:5      | Reached XP level 7. HP: 50/50 MP: 4/13
  5600 | D:5      | Noticed Ijyb
  5615 | D:5      | Killed from afar by Ijyb

Illustrated notes

Levels and vault maps discovered:
D:1:      evilmike_arrival_fibonacci_small, layout_loops_ring,
          basic_ecumenical_altar
D:2:      layout_basic, minmay_diced_spiral, uniq_robin
D:3:      layout_basic, overflow_temple_1_default, serial_shops,
          nicolae_shop_hallway_plus, kennysheep_generic_room_3,
          uniq_crazy_yiuf_cottage, uniq_sigmund
D:4:      cheibrodos_greedy_goblins, layout_basic, elyvilon_altar_5,
          mainiacjoe_overflow_small_starburst, pf_guarded_unrand_meek,
          uniq_menkaure
D:5:      layout_basic, nzn_overflow_gifts_of_might_and_magic,
          yredelemnul_forgotten_temple_becter, gammafunk_ghost_necromancy,
          hex_tiny, uniq_ijyb, uniq_grinder, uniq_edmund

Skill      XL: |  1  2  3  4  5  6 |
---------------+-------------------+-----
Conjurations   | 4 5 6 7 |  7.1
Stealth        | 2 4 |  4.3
Spellcasting   | 2 |  2.2
Dodging        | |  1.7

Action                   |  1- 3 |  4- 6 |  7- 9 || total
-------------------------+-------+-------+-------++-------
Melee: Spear             |    30 |       |       ||    30
       Mace              |       |    32 |       ||    32
 Fire: Hunting sling     |    43 |    65 |       ||   108
 Cast: Magic Dart        |    40 |       |       ||    40
       Searing Ray       |     5 |    16 |     4 ||    25
Armor: Robe              |     9 |    15 |       ||    24
Dodge: Dodged            |    31 |    44 |     3 ||    78
